[Event "Titled Tuesday Blitz July 18 Early 2023"]
[White "Tikhonov, Viacheslav"]
[Black "Devaev, Alexander"]
[WhiteFideId "44196407"]
[BlackFideId "4169395"]
[WhiteElo "2532"]
[BlackElo "2451"]
[Result "1-0"]
[Round "11"]
[TimeControl "180+2"]
[Date "2023.07.18"]
[WhiteClock "0:00:26"]
[BlackClock "0:00:00"]
[Board "79"]

1. e4 c6 2. Nf3 d5 3. exd5 cxd5 4. Ne5 a6 5. d4 Nf6 6. Bd3 g6 7. O-O Bf5 8. c4 Bxd3 9. Qxd3 dxc4 10. Qxc4 e6 11. b3 Nbd7 12. Re1 Rc8 13. Qe2 Bb4 14. Bd2 Bxd2 15. Nxd2 O-O 16. Ndf3 Qb6 17. Rad1 Qd6 18. Nc4 Qc7 19. Nce5 Rcd8 20. Ng5 Rde8 21. Qf3 Kg7 22. Rc1 Qb6 23. Nxd7 Nxd7 24. d5 e5 25. Qh3 Nf6 26. Red1 h6 27. Nf3 Qd6 28. Qg3 Re7 29. Nd4 Qd7 30. d6 Ree8 31. Ne2 Qe6 32. Rc7 Rd8 33. Qd3 Rd7 34. Rxd7 Nxd7 35. Nc3 Nf6 36. Na4 e4 37. Qd4 b5 38. Nc5 Qf5 39. h3 Kh7 40. Nxa6 Rd8 41. Nc7 Rd7 42. Qb4 h5 43. Qxb5 Qe6 44. Nxe6 1-0


[Site "https://www.chess.com"]

[Event "Titled Tuesday Blitz July 18 Early 2023"]
[White "Garakov, Mikhael"]
[Black "Ai, Evan"]
[WhiteFideId "4169034"]
[BlackFideId "2094770"]
[WhiteElo "2526"]
[BlackElo "2444"]
[Result "0-1"]
[Round "11"]
[TimeControl "180+2"]
[Date "2023.07.18"]
[WhiteClock "0:00:53"]
[BlackClock "0:02:12"]
[Board "80"]

1. e4 e5 2. Nf3 Nc6 3. Bb5 a6 4. Bxc6 dxc6 5. O-O f6 6. d4 exd4 7. Nxd4 Bc5 8. Nb3 Qxd1 9. Rxd1 Bb6 10. a4 Bg4 11. Re1 Ne7 12. a5 Ba7 13. h3 Be6 14. Nc3 O-O-O 15. Be3 Bxe3 16. Rxe3 Bxb3 17. cxb3 Ng6 18. g3 Rd2 19. Rb1 Ne5 20. Re2 Rhd8 21. f4 Rxe2 22. Nxe2 Nf3+ 23. Kf2 Nd2 24. Rc1 Nxe4+ 25. Ke3 Nd6 26. Nc3 Re8+ 27. Kf3 Nf5 28. g4 Nd4+ 29. Kf2 Nxb3 30. Rg1 Nxa5 31. g5 f5 32. g6 h6 33. Ne2 Nc4 34. Nd4 Re4 0-1


[Site "https://www.chess.com"]

[Event "Titled Tuesday Blitz July 18 Early 2023"]
[White "Rosh Jain"]
[Black "Vyatkin, Dmitry"]
[WhiteFideId "25789465"]
[BlackFideId "4171900"]
[WhiteElo "2433"]
[BlackElo "2519"]
[Result "0-1"]
[Round "11"]
[TimeControl "180+2"]
[Date "2023.07.18"]
[WhiteClock "0:00:05"]
[BlackClock "0:00:09"]
[Board "81"]

1. e4 e6 2. d4 d5 3. Nc3 Nf6 4. Bg5 Be7 5. e5 Nfd7 6. Bxe7 Qxe7 7. f4 a6 8. Nf3 c5 9. dxc5 Nc6 10. Bd3 Nxc5 11. O-O Bd7 12. Qe1 O-O-O 13. Qf2 Kb8 14. a3 f6 15. exf6 gxf6 16. b4 Nxd3 17. cxd3 Qd6 18. b5 Ne7 19. bxa6 Qxa6 20. Qc5 Nf5 21. Rab1 Qa7 22. Qxa7+ Kxa7 23. Rb3 Rc8 24. Rfb1 Rc7 25. Ne2 Re8 26. Kf2 e5 27. fxe5 fxe5 28. Rc3 Bc6 29. d4 e4 30. Ne5 Rxe5 31. dxe5 d4 32. Rc5 d3 33. Nc3 e3+ 34. Ke1 Rg7 35. Nb5+ Bxb5 36. Rcxb5 Nd4 37. R5b2 d2+ 38. Rxd2 exd2+ 39. Kxd2 Rxg2+ 40. Kc3 Nc6 41. e6 Re2 42. Rg1 Rxe6 43. Rg7 Rh6 44. Rg2 Rh3+ 45. Kb2 Kb6 46. Rc2 Kb5 47. Rd2 h5 48. Rd5+ Kc4 49. Rd2 b5 50. Rg2 Nd4 51. Rd2 Nf3 52. Rc2+ Kd5 53. Rc3 Rxh2+ 54. Kb3 Nd4+ 55. Kb4 Rb2+ 56. Ka5 Rb3 57. Rc8 Rxa3+ 58. Kb6 h4 59. Rc5+ Ke4 60. Rh5 h3 61. Rh4+ Kd5 62. Rh5+ Kc4 63. Rc5+ Kd3 64. Rh5 Ke2 65. Re5+ Kf2 66. Rd5 h2 67. Rh5 Kg2 68. Rg5+ Rg3 69. Rh5 Rh3 70. Rg5+ Kf3 71. Rg7 h1=Q 72. Rf7+ Ke4 73. Re7+ Kd3 74. Re3+ Kxe3 75. Ka7 Kd3 76. Kb8 b4 77. Ka7 b3 78. Kb8 b2 79. Ka7 b1=Q 80. Ka6 Qh2 81. Ka7 Qha2# 0-1


[Site "https://www.chess.com"]

[Event "Titled Tuesday Blitz July 18 Early 2023"]
[White "ArturoCaceres"]
[Black "Girya, Olga"]
[BlackFideId "4195752"]
[WhiteElo "2413"]
[BlackElo "2518"]
[Result "1-0"]
[Round "11"]
[TimeControl "180+2"]
[Date "2023.07.18"]
[WhiteClock "0:00:20"]
[BlackClock "0:00:04"]
[Board "82"]

1. e4 e5 2. Nf3 Nc6 3. a3 Nf6 4. Nc3 d5 5. exd5 Nxd5 6. Bb5 Nxc3 7. bxc3 Bd6 8. O-O O-O 9. Re1 Qf6 10. d3 Bg4 11. h3 Bxf3 12. Qxf3 Qxf3 13. gxf3 Ne7 14. Bc4 Ng6 15. a4 Nh4 16. Re3 h6 17. Rb1 b6 18. Bd5 Rad8 19. c4 Nf5 20. Re1 Kh8 21. Be4 Nh4 22. a5 f5 23. Bb7 e4 24. fxe4 Nf3+ 25. Kf1 Nxe1 26. Kxe1 fxe4 27. Bxe4 Bc5 28. f4 Bd6 29. f5 Rde8 30. Kf1 Re5 31. axb6 axb6 32. Bb2 Rexf5+ 33. Bxf5 Rxf5+ 34. Ke2 Rh5 35. Rg1 Bf8 36. Rg3 Kh7 37. Rf3 Bd6 38. Rf7 Rg5 39. Rd7 Rg2+ 40. Kf3 Rg3+ 41. Ke4 Kg8 42. Kf5 g6+ 43. Ke6 h5 44. Rg7+ Kf8 45. Rh7 Rxh3 46. Rh8# 1-0


[Site "https://www.chess.com"]

[Event "Titled Tuesday Blitz July 18 Early 2023"]
[White "Pershina, Elena"]
[Black "ArtemDyachuk"]
[WhiteFideId "24147516"]
[WhiteElo "2365"]
[BlackElo "2517"]
[Result "0-1"]
[Round "11"]
[TimeControl "180+2"]
[Date "2023.07.18"]
[WhiteClock "0:00:05"]
[BlackClock "0:00:58"]
[Board "83"]

1. c4 e5 2. g3 Nf6 3. Bg2 d5 4. cxd5 Nxd5 5. Nc3 Nb6 6. e3 Nc6 7. Nge2 Bf5 8. O-O Nb4 9. f4 Bc2 10. Qe1 Nd3 11. Bxb7 Nxe1 12. Bc6+ Nd7 13. fxe5 Nd3 14. e6 fxe6 15. Nd4 Ne5 16. Nxe6 Qe7 17. Nxc7+ Kd8 18. N3d5 Qg5 19. Bxa8 Qg4 20. d4 Nf3+ 21. Rxf3 Qxf3 22. Ne6+ Kc8 23. Nb6+ Nxb6 24. Bxf3 Bd6 25. Bd2 Kd7 26. Nxg7 Rg8 27. Nh5 Nc4 28. Bd5 Rc8 29. Bc3 Nxe3 30. Nf6+ Kd8 31. Bf3 Bg6 32. Re1 Nc4 33. d5 Bc5+ 34. Kh1 Bb6 35. Ne4 Ne3 36. Bf6+ Kd7 37. Rxe3 Rc1+ 38. Kg2 Bxe3 39. Bg4+ Ke8 40. Nd6+ Kf8 41. Nf5 Rc2+ 42. Kh3 Bg1 43. Be7+ Kf7 44. Kh4 Rxh2+ 45. Kg5 Bxf5 46. Bxf5 Kxe7 0-1


[Site "https://www.chess.com"]

[Event "Titled Tuesday Blitz July 18 Early 2023"]
[White "Tomaszewski, Kacper"]
[Black "Turzo, Attila"]
[WhiteFideId "1127373"]
[BlackFideId "704954"]
[WhiteElo "2493"]
[BlackElo "2514"]
[Result "0-1"]
[Round "11"]
[TimeControl "180+2"]
[Date "2023.07.18"]
[WhiteClock "0:00:00"]
[BlackClock "0:00:32"]
[Board "84"]

1. d4 Nf6 2. Nf3 g6 3. Nbd2 Bg7 4. e4 d6 5. Bb5+ c6 6. Bd3 O-O 7. O-O Nbd7 8. a4 a5 9. b3 e5 10. Ba3 Ne8 11. dxe5 Nxe5 12. Nxe5 Bxe5 13. Ra2 Be6 14. Nc4 Bd4 15. Be2 Bxc4 16. Bxc4 Qf6 17. Bc1 Nc7 18. Bd3 d5 19. c4 dxe4 20. Bxe4 Rad8 21. Qf3 Ne6 22. Qxf6 Bxf6 23. Bd2 Nc5 24. Bxa5 Nxe4 25. Bxd8 Rxd8 26. a5 Rd3 27. a6 bxa6 28. Rxa6 Bd4 29. g3 Nxf2 30. Kg2 Rd2 31. Kf3 c5 32. h4 h5 33. Kf4 Kg7 34. Ra7 Re2 35. Kf3 Rb2 36. Kf4 Rxb3 37. Rc7 Rc3 38. Rd7 Ng4 0-1


[Site "https://www.chess.com"]

[Event "Titled Tuesday Blitz July 18 Early 2023"]
[White "micke12a"]
[Black "vishwa_vijeta"]
[WhiteElo "2357"]
[BlackElo "2510"]
[Result "0-1"]
[Round "11"]
[TimeControl "180+2"]
[Date "2023.07.18"]
[WhiteClock "0:01:21"]
[BlackClock "0:01:20"]
[Board "85"]

1. d4 Nf6 2. Nc3 d5 3. Bf4 g6 4. Nb5 Na6 5. e3 Bg7 6. h3 c6 7. Na3 Qb6 8. Qc1 O-O 9. Nf3 Bf5 10. Be2 c5 11. c4 Rac8 12. dxc5 Nxc5 13. O-O Nd3 14. Bxd3 Bxd3 15. Rd1 Bxc4 16. Nxc4 Rxc4 17. Qd2 e6 18. b3 Ne4 19. Qd3 Rc3 20. Qe2 Rfc8 21. Be5 Rc2 22. Qd3 Nxf2 23. Qf1 Bxe5 24. Nxe5 Qxe3 25. Re1 Nxh3+ 26. Kh2 Qf4+ 27. Qxf4 Nxf4 28. Kg3 Nxg2 29. Rg1 R8c3+ 30. Kg4 h5+ 31. Kg5 Kg7 32. Nd7 Rg3# 0-1


[Site "https://www.chess.com"]

[Event "Titled Tuesday Blitz July 18 Early 2023"]
[White "Peiris, T G M"]
[Black "Omariev, Maksim"]
[WhiteFideId "9901310"]
[BlackFideId "4193423"]
[WhiteElo "2300"]
[BlackElo "2387"]
[Result "1-0"]
[Round "11"]
[TimeControl "180+2"]
[Date "2023.07.18"]
[WhiteClock "0:00:20"]
[BlackClock "0:00:13"]
[Board "86"]

1. e4 c5 2. Nf3 d6 3. d4 cxd4 4. Nxd4 Nf6 5. Nc3 a6 6. Bg5 Nbd7 7. Bc4 Qb6 8. Bb3 e6 9. O-O Be7 10. Kh1 O-O 11. f4 Rd8 12. f5 Nc5 13. fxe6 fxe6 14. Nf5 Qc7 15. Nxe7+ Qxe7 16. Bxf6 gxf6 17. Qg4+ Kh8 18. Qh4 Rf8 19. Rad1 b5 20. Qg3 Nb7 21. Ne2 Bd7 22. Nf4 Rg8 23. Qh4 Rg5 24. Nh3 Rg7 25. Qxf6 Rg8 26. Qxe7 Rxe7 27. Rf6 Kg7 28. Rdf1 Nc5 29. Ng5 Be8 30. Nxe6+ Nxe6 31. Bxe6 Rh8 32. Kg1 Bg6 33. Bd5 Rd8 34. h4 Bxe4 35. Rf7+ Rxf7 36. Rxf7+ Kg6 37. h5+ Kxh5 38. Bxe4 d5 39. Bf3+ Kg5 40. Rxh7 d4 41. Rh5+ Kf4 42. Rd5 Re8 43. Rxd4+ Ke3 44. Re4+ Rxe4 45. Bxe4 Kxe4 46. Kf2 Kd4 47. g4 a5 48. g5 a4 49. Kf3 Ke5 50. Kg4 Ke6 51. a3 Kf7 52. Kf5 b4 53. axb4 a3 54. bxa3 Kg7 55. a4 Kf7 56. a5 Ke7 57. a6 Kd6 58. a7 Kd5 59. a8=Q+ Kc4 60. Qa5 Kc3 61. b5+ Kb2 62. Qb4+ Ka1 63. c4 Ka2 64. b6 Ka1 65. b7 1-0


[Site "https://www.chess.com"]

[Event "Titled Tuesday Blitz July 18 Early 2023"]
[White "Gaal, Zsoka"]
[Black "Fiorito, Francisco"]
[WhiteFideId "777765"]
[BlackFideId "180165"]
[WhiteElo "2429"]
[BlackElo "2577"]
[Result "1-0"]
[Round "11"]
[TimeControl "180+2"]
[Date "2023.07.18"]
[WhiteClock "0:00:21"]
[BlackClock "0:00:44"]
[Board "87"]

1. Nf3 Nf6 2. g3 g6 3. b3 Bg7 4. Bb2 O-O 5. Bg2 c5 6. c4 Nc6 7. O-O b6 8. d4 cxd4 9. Nxd4 Bb7 10. Nxc6 Bxc6 11. Bxc6 dxc6 12. Nc3 Qc7 13. Qc2 Rfd8 14. Rfd1 h5 15. h4 Ng4 16. Ne4 Bxb2 17. Qxb2 Rxd1+ 18. Rxd1 Rd8 19. Rc1 Qd7 20. c5 Qf5 21. Qc2 b5 22. e3 Ne5 23. Ng5 Qg4 24. Kg2 Rd5 25. a4 Nd3 26. axb5 Nxc1 27. Qxc1 cxb5 28. c6 Qc8 29. Qc2 Rd6 30. c7 Rd7 31. Ne6 Kh7 32. Nf8+ Qxf8 33. c8=Q Rd8 34. Qb7 a5 35. Qxb5 Ra8 36. Qcc6 e6 37. Qbb7 Rd8 38. Qcc7 Kg7 39. Qxa5 Rd5 40. Qac7 Rf5 41. b4 Rf6 42. Qd7 e5 43. Qe7 Qh8 44. Qxe5 Qd8 45. Qf3 Qb6 46. b5 1-0


[Site "https://www.chess.com"]

[Event "Titled Tuesday Blitz July 18 Early 2023"]
[White "Gontcharov, Vladislav"]
[Black "Garsky, Vladyslav"]
[WhiteFideId "4123492"]
[BlackFideId "34100270"]
[WhiteElo "2555"]
[BlackElo "2426"]
[Result "0-1"]
[Round "11"]
[TimeControl "180+2"]
[Date "2023.07.18"]
[WhiteClock "0:02:14"]
[BlackClock "0:02:17"]
[Board "88"]

1. d4 d5 2. c4 dxc4 3. e3 Nf6 4. Bxc4 e6 5. Nf3 a6 6. O-O c5 7. Qe2 Nc6 8. Rd1 cxd4 9. exd4 Be7 10. Nc3 Nb4 11. Ne5 O-O 12. a3 Nbd5 13. Bd3 Qb6 14. Qf3 Rd8 15. Qh3 Bd7 16. Nxd5 exd5 17. Bg5 Bxh3 0-1


[Site "https://www.chess.com"]

[Event "Titled Tuesday Blitz July 18 Early 2023"]
[White "Zhang, Eric"]
[Black "Herman, Daniel"]
[WhiteFideId "30907667"]
[BlackFideId "30935008"]
[WhiteElo "2538"]
[BlackElo "2424"]
[Result "1-0"]
[Round "11"]
[TimeControl "180+2"]
[Date "2023.07.18"]
[WhiteClock "0:01:05"]
[BlackClock "0:00:13"]
[Board "89"]

1. d4 Nf6 2. c4 g6 3. f3 Bg7 4. e4 O-O 5. Nc3 d6 6. Be3 c5 7. dxc5 dxc5 8. Qxd8 Rxd8 9. Bxc5 Na6 10. Bxe7 Re8 11. Bd6 Nd7 12. Nh3 f5 13. c5 Naxc5 14. Bc4+ Kh8 15. Ng5 h6 16. Bf7 hxg5 17. Bxe8 Nd3+ 18. Kd2 Nxb2 19. Be7 Nc4+ 20. Kc2 Ne3+ 21. Kd3 Nxg2 22. Bxg5 Ne5+ 23. Ke2 Be6 24. Ba4 Rc8 25. Rac1 Bc4+ 26. Kf2 Nd3+ 27. Kxg2 Nxc1 28. Rxc1 Bxc3 29. Rxc3 Kg7 30. Kf2 a6 31. Bb3 b5 32. Bxc4 bxc4 33. Ke3 Rh8 34. h4 Rc8 35. Kd4 fxe4 36. fxe4 Kf7 37. Rxc4 Rb8 38. Rc7+ Ke6 39. Rc6+ Kd7 40. Rxa6 Rb4+ 41. Kd5 Rb5+ 42. Kc4 Rb8 43. e5 Rc8+ 44. Kd5 Rb8 45. Rxg6 Rb5+ 46. Kd4 Rb4+ 47. Kc5 Ra4 48. Rg7+ Ke6 49. Re7+ Kf5 50. Bf6 Rxa2 51. Rb7 Rc2+ 52. Kd6 Rd2+ 53. Ke7 Rg2 54. Rb5 Kg6 55. e6 Rf2 56. Bg5 Ra2 57. Rb7 Kh5 58. Kf7 Rf2+ 59. Ke8 Kg6 60. e7 Kg7 61. Kd8 Rd2+ 62. Rd7 Rxd7+ 63. Kxd7 Kh7 64. e8=Q Kg7 65. h5 Kh7 66. Qg6+ Kh8 67. Bf6# 1-0


[Site "https://www.chess.com"]

[Event "Titled Tuesday Blitz July 18 Early 2023"]
[White "Souleidis, Georgios"]
[Black "Manukian, Artak"]
[WhiteFideId "4206827"]
[BlackFideId "13301373"]
[WhiteElo "2537"]
[BlackElo "2416"]
[Result "0-1"]
[Round "11"]
[TimeControl "180+2"]
[Date "2023.07.18"]
[WhiteClock "0:00:14"]
[BlackClock "0:00:04"]
[Board "90"]

1. e4 c6 2. d4 d5 3. e5 Bf5 4. h4 h5 5. c4 e6 6. Nc3 Nd7 7. cxd5 cxd5 8. Bd3 Bxd3 9. Qxd3 a6 10. Nf3 Be7 11. g3 Nh6 12. Bxh6 Rxh6 13. Rc1 Rc8 14. Kf1 b5 15. Kg2 Kf8 16. Ne2 g6 17. Rxc8 Qxc8 18. Rc1 Qd8 19. Qc2 Kg7 20. Qc6 Nb6 21. Qb7 Rh8 22. Qxa6 Nc4 23. b3 Qb6 24. Qxb6 Nxb6 25. Rc7 Re8 26. Rb7 Bd8 27. Ng5 Re7 28. Rxe7 Bxe7 29. Nf3 b4 30. Ne1 Nd7 31. Nd3 Nb8 32. Kf3 Nc6 33. Ke3 Bd8 34. Nc5 Bb6 35. f4 Kh6 36. Nc1 Kg7 37. Ne2 Kh7 38. Kd3 Kh6 39. Kc2 Kg7 40. Kb2 Nxd4 41. Nxd4 Bxc5 42. Ne2 Bf2 43. a4 bxa3+ 44. Kxa3 d4 45. b4 d3 46. Nc3 Bxg3 47. b5 Bxf4 48. b6 Bxe5 49. b7 f5 50. Kb3 g5 51. hxg5 h4 52. Kc4 h3 53. Nd1 h2 54. Nf2 d2 0-1


[Site "https://www.chess.com"]

[Event "Titled Tuesday Blitz July 18 Early 2023"]
[White "Rangel, Daniel"]
[Black "Rom, Jasper"]
[WhiteFideId "2124475"]
[BlackFideId "2023733"]
[WhiteElo "2508"]
[BlackElo "2413"]
[Result "0-1"]
[Round "11"]
[TimeControl "180+2"]
[Date "2023.07.18"]
[WhiteClock "0:00:00"]
[BlackClock "0:00:12"]
[Board "91"]

1. c4 e6 2. g3 d5 3. Bg2 c6 4. Nf3 Nf6 5. O-O Nbd7 6. b3 Bd6 7. Ba3 c5 8. d4 b6 9. Nc3 Bb7 10. Nb5 Be7 11. cxd5 Bxd5 12. Nc3 Bb7 13. Bb2 O-O 14. Rc1 a6 15. Qd2 Rc8 16. Rfd1 c4 17. Qf4 b5 18. bxc4 Rxc4 19. e4 Qa8 20. e5 Nd5 21. Nxd5 Bxd5 22. Rxc4 bxc4 23. Bc1 Qb7 24. h4 h6 25. Qg4 Kh7 26. Ne1 Bxg2 27. Nxg2 Nb6 28. Nf4 Nd5 29. Nh5 g6 30. Nf4 Nc3 31. Rf1 Qe4 32. Bd2 Nd5 33. Qd1 Qxd4 34. Nxd5 Qxd5 35. Qc1 h5 36. Bf4 Rc8 37. Bg5 Bf8 38. Rd1 Qc6 39. Qf4 Qe8 40. Bf6 Bh6 41. Bg5 Bg7 42. Qe4 c3 43. Rc1 Qc6 44. Qf3 Qxf3 0-1


[Site "https://www.chess.com"]

[Event "Titled Tuesday Blitz July 18 Early 2023"]
[White "Li, Hui"]
[Black "MateoReyes"]
[WhiteFideId "15400310"]
[WhiteElo "2372"]
[BlackElo "2490"]
[Result "1/2-1/2"]
[Round "11"]
[TimeControl "180+2"]
[Date "2023.07.18"]
[WhiteClock "0:00:03"]
[BlackClock "0:00:52"]
[Board "92"]

1. e4 c5 2. Nf3 d6 3. d4 cxd4 4. Nxd4 Nf6 5. Nc3 a6 6. Be2 e5 7. Nb3 Be7 8. O-O O-O 9. Be3 Be6 10. Qd2 Nbd7 11. a4 Rc8 12. a5 Qc7 13. Rfd1 Rfe8 14. Qe1 Nc5 15. Nxc5 dxc5 16. f3 c4 17. Na4 Nd7 18. c3 Nc5 19. Nxc5 Bxc5 20. Bxc5 Qxc5+ 21. Qf2 Qb5 22. b4 Rcd8 23. h4 h6 24. Qe3 Qc6 25. Rd2 Qc7 26. Rad1 Rxd2 27. Rxd2 Rd8 28. Kf1 Qe7 29. g3 Rxd2 30. Qxd2 f6 31. Kf2 Kf7 32. Qd1 g5 33. hxg5 hxg5 34. Qh1 Kg7 35. Qf1 Qc7 36. Qd1 b6 37. axb6 Qxb6+ 38. Kg2 a5 39. bxa5 Qxa5 40. Qd6 Bf7 41. Qb4 Qa2 42. Kf2 Qb3 43. Ke1 Qa2 44. Kf2 Qd2 45. Qa5 Be6 46. Qc7+ Bf7 47. Qa5 Kg6 48. Qb4 Kg7 49. Qa5 1/2-1/2


[Site "https://www.chess.com"]

[Event "Titled Tuesday Blitz July 18 Early 2023"]
[White "Michalczak, Thomas"]
[Black "Topalov, Aleksandar"]
[WhiteFideId "4622634"]
[BlackFideId "925659"]
[WhiteElo "2486"]
[BlackElo "2364"]
[Result "0-1"]
[Round "11"]
[TimeControl "180+2"]
[Date "2023.07.18"]
[WhiteClock "0:00:09"]
[BlackClock "0:00:16"]
[Board "93"]

1. e4 e6 2. d4 d5 3. Nc3 Bb4 4. e5 Qd7 5. a3 Bxc3+ 6. bxc3 b6 7. a4 Ba6 8. Bxa6 Nxa6 9. h4 h5 10. Ne2 Ne7 11. Ng3 g6 12. Bg5 Nb8 13. Bf6 Rg8 14. Qd2 Nbc6 15. O-O Na5 16. Qg5 Nc4 17. Rfb1 a5 18. Ne2 Nf5 19. Nf4 Ne7 20. Kh2 Nd2 21. f3 Nf5 22. Rd1 Nc4 23. Nxh5 Qc6 24. g4 Nfe3 25. Rdc1 Kd7 26. Nf4 Nb2 27. Ra3 Nxa4 28. Nxe6 Nxg4+ 29. fxg4 fxe6 30. Qh6 Rae8 31. Rca1 Nxc3 32. Qh7+ Kc8 33. Qf7 Ne4 34. c3 Qc4 35. R1a2 Qf1 36. h5 gxh5 37. gxh5 Qg1+ 38. Kh3 Qg3# 0-1


[Site "https://www.chess.com"]

[Event "Titled Tuesday Blitz July 18 Early 2023"]
[White "Erzhanov, Arman"]
[Black "Shapiro, Daniel"]
[WhiteFideId "4138821"]
[BlackFideId "2001780"]
[WhiteElo "2481"]
[BlackElo "2348"]
[Result "1-0"]
[Round "11"]
[TimeControl "180+2"]
[Date "2023.07.18"]
[WhiteClock "0:00:19"]
[BlackClock "0:00:00"]
[Board "94"]

1. e4 c5 2. Nf3 d6 3. Bb5+ Nc6 4. O-O Bd7 5. Re1 g6 6. c3 Bg7 7. d4 Qb6 8. Na3 a6 9. Ba4 Qc7 10. d5 Ne5 11. Nxe5 dxe5 12. Bxd7+ Qxd7 13. Nc4 Qd8 14. a4 f6 15. a5 Nh6 16. Be3 Rc8 17. Qa4+ Kf8 18. Qa3 Qc7 19. Nb6 Rd8 20. Bxc5 Nf7 21. Nc4 Rc8 22. b4 Nd6 23. Nb6 Rd8 24. Rad1 Kf7 25. c4 f5 26. f3 Rhf8 27. Qb3 Kg8 28. Bxd6 exd6 29. c5 Kh8 30. cxd6 Qxd6 31. Nc4 Qf6 32. exf5 gxf5 33. Rxe5 Qh6 34. Re6 Qg5 35. d6 f4 36. Qd3 Qb5 37. Qd5 Qxb4 38. d7 Qb5 39. Re7 Qxd5 40. Rxd5 Rf6 41. Nd6 Kg8 42. Nxb7 Kf8 43. Rxg7 1-0


[Site "https://www.chess.com"]

[Event "Titled Tuesday Blitz July 18 Early 2023"]
[White "Liu, Casper"]
[Black "Zaim, Marian"]
[WhiteFideId "1454153"]
[BlackFideId "1204114"]
[WhiteElo "2450"]
[BlackElo "2342"]
[Result "1-0"]
[Round "11"]
[TimeControl "180+2"]
[Date "2023.07.18"]
[WhiteClock "0:00:28"]
[BlackClock "0:00:00"]
[Board "95"]

1. e4 d6 2. d4 Nf6 3. Bd3 g6 4. h4 h5 5. Nf3 Bg7 6. Ng5 Nbd7 7. Bc4 O-O 8. Qd3 Nb6 9. Bb3 e6 10. Nc3 c5 11. Be3 Qe7 12. f3 cxd4 13. Bxd4 d5 14. O-O-O dxe4 15. fxe4 e5 16. Be3 Bg4 17. Rdf1 Be6 18. Nxe6 fxe6 19. Qb5 Nfd7 20. Bg5 Qe8 21. Qb4 Rc8 22. Nb5 Rc6 23. Nd6 Qb8 24. Bxe6+ Kh7 25. Be7 Rxf1+ 26. Rxf1 a5 27. Qd2 a4 28. Rf7 a3 29. Nf5 gxf5 30. Qg5 1-0


[Site "https://www.chess.com"]

[Event "Titled Tuesday Blitz July 18 Early 2023"]
[White "Okike, David"]
[Black "LangesNasenhaar"]
[WhiteFideId "8500134"]
[WhiteElo "2349"]
[BlackElo "2444"]
[Result "0-1"]
[Round "11"]
[TimeControl "180+2"]
[Date "2023.07.18"]
[WhiteClock "0:01:50"]
[BlackClock "0:00:18"]
[Board "96"]

1. e4 d6 2. d4 Nf6 3. Nc3 e5 4. f3 exd4 5. Qxd4 Nc6 6. Bb5 Bd7 7. Bxc6 Bxc6 8. Bf4 Be7 9. O-O-O O-O 10. Nge2 Nd7 11. Nd5 Bxd5 12. Qxd5 Bf6 13. Kb1 Nb6 14. Qd3 Qe8 15. Bc1 Rd8 16. f4 Na4 17. b3 Nc5 18. Qf3 Qxe4 19. Rhf1 Qxf3 20. Rxf3 Rfe8 21. Nc3 c6 22. g3 d5 23. Ba3 Ne4 24. Nxe4 dxe4 25. Rff1 Bd4 26. Bb4 f5 27. c4 c5 28. Be1 Kf7 29. Kc2 h5 30. Ba5 b6 31. Bc3 Rd7 32. Rfe1 Red8 33. Re2 Bxc3 34. Rxd7+ Rxd7 35. Kxc3 Rd3+ 36. Kc2 h4 37. Rg2 hxg3 38. hxg3 Rf3 39. Kd2 Kg6 40. Ke2 Kh5 41. Rh2+ Kg4 42. Rh7 Kxg3 43. Rxg7+ Kxf4 44. Rxa7 Rh3 45. Ra6 Rh2+ 46. Kd1 Ke3 47. Rxb6 Rxa2 48. Rb5 f4 49. Rxc5 f3 50. Rf5 f2 51. Kc1 Ra1+ 52. Kc2 f1=Q 53. Rxf1 Rxf1 54. c5 Kd4 55. b4 Kc4 56. Kd2 Kxb4 57. c6 Rf6 58. Ke3 Rxc6 59. Kxe4 Kc4 60. Ke5 Rc5+ 61. Ke4 Rd5 62. Kf4 Kd4 63. Kg4 Re5 64. Kf4 Re4+ 65. Kf5 Kd5 66. Kf6 Rf4+ 67. Kg5 Ke5 68. Kg6 Rf3 69. Kg7 Ke6 70. Kh6 Rg3 71. Kh5 Kf5 72. Kh4 Rg8 0-1


[Site "https://www.chess.com"]

[Event "Titled Tuesday Blitz July 18 Early 2023"]
[White "Namitbir Singh Walia"]
[Black "Dwilewicz, Katarzyna"]
[WhiteFideId "35071068"]
[BlackFideId "1148486"]
[WhiteElo "2444"]
[BlackElo "2338"]
[Result "1-0"]
[Round "11"]
[TimeControl "180+2"]
[Date "2023.07.18"]
[WhiteClock "0:01:04"]
[BlackClock "0:00:00"]
[Board "97"]

1. e4 c5 2. Nf3 d6 3. d4 cxd4 4. Nxd4 Nf6 5. f3 e5 6. Nb3 a5 7. Bb5+ Bd7 8. Bxd7+ Nbxd7 9. Be3 Be7 10. c4 O-O 11. Nc3 Qc7 12. Rc1 a4 13. Nd2 Nc5 14. O-O Nd3 15. Rb1 Rfc8 16. Nxa4 Ra6 17. b4 Rca8 18. Nc3 Qc8 19. a4 Nh5 20. g3 Qh3 21. Qe2 d5 22. Nxd5 Bd8 23. Qxd3 Nxg3 24. Rf2 Bh4 25. Rg2 Rg6 26. hxg3 Bxg3 27. Ne7+ Kh8 28. Nxg6+ fxg6 29. Nf1 Rf8 30. Rxg3 1-0


[Site "https://www.chess.com"]

[Event "Titled Tuesday Blitz July 18 Early 2023"]
[White "Cheer_Down"]
[Black "Mikhaylova, Irina"]
[BlackFideId "4109040"]
[WhiteElo "2436"]
[BlackElo "2313"]
[Result "1/2-1/2"]
[Round "11"]
[TimeControl "180+2"]
[Date "2023.07.18"]
[WhiteClock "0:01:38"]
[BlackClock "0:00:10"]
[Board "98"]

1. e4 c5 2. Nf3 Nc6 3. d4 cxd4 4. Nxd4 e5 5. Nb5 d6 6. c4 Be7 7. N5c3 Be6 8. Nd5 Rc8 9. Nbc3 Bg5 10. Bxg5 Qxg5 11. Nb5 Qd8 12. Nxd6+ Qxd6 13. Nf6+ Ke7 14. Nd5+ Bxd5 15. exd5 Qb4+ 16. Qd2 Qxd2+ 17. Kxd2 Nd4 18. Re1 Kd6 19. f4 f6 20. h4 b5 21. b3 bxc4 22. bxc4 Rb8 23. Kc3 Ne7 24. fxe5+ fxe5 25. c5+ Kxc5 26. Rxe5 Nxd5+ 27. Kd3 Rbe8 28. Rxe8 Rxe8 29. g3 Re3+ 30. Kd2 Rxg3 31. Bh3 Nf4 32. Rc1+ Kd5 33. Bc8 Ke5 34. Rc5+ Kd6 35. Ra5 Nd5 36. Bb7 Ne3 37. Rxa7 Nc4+ 38. Ke1 Kc5 39. Ba6 Kb4 40. Rb7+ Kc3 41. Rc7 Nc2+ 42. Kf2 Rg4 43. Bxc4 Rxc4 44. Rxg7 Rxh4 45. Rc7+ Kb2 46. Kg3 Ra4 47. Rxh7 Ra3+ 48. Kf2 Rxa2 49. Rb7+ Ka1 50. Ke2 Na3+ 51. Kd1 Rb2 52. Rxb2 Kxb2 1/2-1/2


[Site "https://www.chess.com"]

[Event "Titled Tuesday Blitz July 18 Early 2023"]
[White "Vaglio Munoz, Jaime"]
[Black "Zacurdajev, Dmitry"]
[WhiteFideId "6500145"]
[BlackFideId "4196309"]
[WhiteElo "2269"]
[BlackElo "2431"]
[Result "1-0"]
[Round "11"]
[TimeControl "180+2"]
[Date "2023.07.18"]
[WhiteClock "0:01:13"]
[BlackClock "0:00:02"]
[Board "99"]

1. e4 c6 2. Nc3 d5 3. Nf3 Bg4 4. h3 Bxf3 5. Qxf3 e6 6. g3 Nf6 7. Bg2 Be7 8. O-O Nbd7 9. Re1 dxe4 10. Nxe4 Nxe4 11. Qxe4 Nf6 12. Qc4 O-O 13. d4 Nd5 14. Qb3 Qd7 15. c4 Nb6 16. Be3 Bf6 17. Red1 Rfd8 18. a4 Qc8 19. a5 Nd7 20. d5 cxd5 21. cxd5 e5 22. Rac1 Qb8 23. d6 b6 24. Bxa8 Qxa8 25. axb6 axb6 26. Qb5 Qf3 27. Rd3 e4 28. Rd5 Nc5 29. Bxc5 bxc5 30. Qxc5 Bxb2 31. Rcd1 Bf6 32. d7 h5 33. Qe3 Qxe3 34. fxe3 g6 35. g4 hxg4 36. hxg4 Kf8 37. g5 Be7 38. R1d4 Rb8 39. Rxe4 Rb3 40. Rxe7 Kxe7 41. d8=Q+ 1-0


[Site "https://www.chess.com"]

[Event "Titled Tuesday Blitz July 18 Early 2023"]
[White "Buchenau, Frank"]
[Black "Larina, Maria"]
[WhiteFideId "4604350"]
[BlackFideId "24113182"]
[WhiteElo "2431"]
[BlackElo "2226"]
[Result "1-0"]
[Round "11"]
[TimeControl "180+2"]
[Date "2023.07.18"]
[WhiteClock "0:01:24"]
[BlackClock "0:01:35"]
[Board "100"]

1. e4 c6 2. Nf3 d5 3. Nc3 Bg4 4. d4 dxe4 5. Nxe4 Bxf3 6. Qxf3 Qxd4 7. Be3 Qxb2 8. Bc4 Nf6 9. O-O Qe5 10. Nxf6+ Qxf6 11. Qg3 Qd6 12. Bf4 Qc5 13. Qb3 e6 14. Qxb7 Qxc4 15. Rfd1 Qxf4 16. Qc8+ Ke7 17. Qd8# 1-0


[Site "https://www.chess.com"]